 Dungeon Crawl Stone Soup version 0.23.0 (webtiles) character file.

Game seed: 6004903584610244185

2303 Monsterracer the Cleaver (level 9, -1/81 HPs)
             Began as a Deep Dwarf Ice Elementalist on Feb 10, 2019.
             Was a Follower of Makhleb.
             Slain by an orc warrior
             ... wielding a +0 hand axe
              (5 damage)
             ... on level 8 of the Dungeon.
             The game lasted 00:16:51 (7084 turns).

Monsterracer the Cleaver (DDIE)                     Turns: 7084, Time: 00:16:51

Health: -1/81      AC: 16    Str: 15    XL:     9   Next: 18%
Magic:  1/1        EV:  3    Int: 16    God:    Makhleb [*.....]
Gold:   81         SH:  0    Dex: 13    Spells: 10/11 levels left

rFire    . . .     SeeInvis .   a - +2 hand axe (venom)
rCold    + . .     Gourm    .   (no shield)
rNeg     + . .     Faith    .   x - +1 plate armour {rC+}
rPois    .         Spirit   .   (no helmet)
rElec    .         Reflect  .   o - +0 cloak
rCorr    .         Harm     .   j - +0 pair of gloves
MR       ++...                  h - +1 pair of boots
Stlth    ..........             (no amulet)
HPRegen  0.00/turn              M - ring of protection from magic {!d}
MPRegen  0.07/turn              k - ring of positive energy

@: marked, held, non-regenerating
A: damage resistance, heal wounds, sense surroundings 2, no regeneration
a: Heal Wounds, Renounce Religion


You were on level 8 of the Dungeon.
You worshipped Makhleb.
Makhleb was aware of your devotion.
You were hungry.

You visited 2 branches of the dungeon, and saw 9 of its levels.

You collected 389 gold pieces.
You spent 308 gold pieces at shops.

Inventory:

Hand Weapons
 a - a +2 hand axe of venom (weapon)
 b - a +1 flail
Missiles
 v - 2 throwing nets (quivered) {!f}
Armour
 h - a +1 pair of boots (worn)
 j - a +0 pair of gloves (worn)
 o - a +0 cloak (worn)
 x - a +1 plate armour of cold resistance (worn)
Jewellery
 k - a ring of positive energy (right hand)
 M - a ring of protection from magic (left hand) {!d}
Wands
 l - a wand of iceblast (4)
Scrolls
 f - 2 scrolls of identify
 g - 2 scrolls of immolation {!r}
 m - a scroll of magic mapping
 p - a scroll of enchant weapon
 q - 2 scrolls of fog
 r - 3 scrolls of remove curse
 t - 2 scrolls of teleportation {!r}
Potions
 d - 6 potions of heal wounds
 e - 3 potions of curing
 i - 3 potions of flight
 n - 3 potions of magic
 u - 2 potions of brilliance
Comestibles
 c - 11 rations


   Skills:
 + Level 5.2 Fighting
 * Level 9.0(9.1) Axes
 - Level 1.8(5.5) Maces & Flails
 + Level 3.1 Armour
 - Level 5.1 Dodging
 - Level 2.4 Stealth
 - Level 1.7 Spellcasting
   Level 0.8 Conjurations
 - Level 2.6 Ice Magic
 + Level 4.5 Invocations


You had 10 spell levels left.
You knew the following spells:

 Your Spells              Type           Power        Failure   Level  Hunger
a - Freeze                Ice            ##..         99%         1    ##.....

Your spell library contained the following spells:

 Spells                   Type           Power        Failure   Level  Hunger
 Confusing Touch          Hex            #.....       100%        1    ##.....
 Throw Frost              Conj/Ice       #.....       100%        2    ###....
 Confuse                  Hex            #.......     100%        3    ####...
 Gell's Gravitas          Tloc           #.........   100%        3    ####...
 Ozocubu's Armour         Chrm/Ice       #.......     100%        3    ####...
 Petrify                  Tmut/Erth      #.......     100%        4    #####..
 Summon Ice Beast         Ice/Summ       #.......     100%        4    #####..
 Throw Icicle             Conj/Ice       #.......     100%        4    #####..
 Metabolic Englaciation   Hex/Ice        #.........   100%        5    ######.
 Yara's Violent Unravell  Hex/Tmut       #.........   100%        5    ######.


Dungeon Overview and Level Annotations

Branches:
Dungeon (8/15)             Temple (1/1) D:4
   Lair: D:8-11

Altars:
Ashenzari
Cheibriados
Dithmenos
Elyvilon
Fedhas
Gozag
Hepliaklqana
Kikubaaqudgha
Makhleb
Nemelex Xobeh
Okawaru
Qazlal
Ru
Sif Muna
Trog
Uskayaw
Wu Jian
Xom
Yredelemnul
Zin
The Shining One

Shops:
D:4 !   D:5 [   D:6 *

Annotations:
D:4 exclusion: orc wizard
D:5 1 runed translucent door, Crazy Yiuf
D:7 Prince Ribbit
D:8 Harold


Innate Abilities, Weirdness & Mutations

You are resistant to damage.
You can heal yourself by infusing magical energy.
You passively map the area around you.
You do not regenerate.


Message History

You hit the orc priest.
You kill the orc priest!
Makhleb accepts your kill.
d - 6 potions of heal wounds (gained 1)
You see here a +0 scale mail.
There isn't anything to butcher here.
You are feeling hungry.
Things that are here:
a +0 club; a +0 leather armour; a water moccasin skeleton You see here a +0 hand axe.
Items here: )) [[ รท a +0 dagger; a cursed +0 robe; a +0 club; a +0 scale mail; an orc skeleton You see here a +0 hand axe.
Things that are here:
a +0 club; a +0 leather armour; a water moccasin skeleton You see here a ring mail.
Done exploring.
Unknown command.
There is a stone staircase leading up here.
You climb upwards.
Level annotation: Prince Ribbit
There is a stone staircase leading down here.
Unknown command.
Okay, then.
Really walk onto that alarm trap?
You set off the alarm!
The alarm trap emits a blaring wail!
A sentinel's mark forms upon you.
You hear a shout! x8; You hear an angry hiss.
You hear a shout!
You hear an angry hiss.
You hear a bark!
You hear a shout! x2
You hear a bark!
You hear a shout!
You hear an angry hiss.
You hear a shout!
You hear an angry hiss.
You hear a shout! x2; You hear a bark!
You hear a shout! x2
Harold the Weathered comes into view.
He is wielding a +0 short sword and wearing a +2 ring mail of cold resistance.
Harold throws a throwing net.
The throwing net hits you.
You become entangled in the net!
You see here a throwing net {!f}.
You struggle against the net.
You struggle against the net.
The orc wizard gestures at you while chanting.
The magic dart hits you but does no damage.
You struggle against the net.
Harold casts a spell at you. The mark upon you grows brighter.
Prince Ribbit blinks!
You rip the net and break free!
Prince Ribbit closely misses you.
Harold throws a throwing net.
The throwing net hits you.
You become entangled in the net!
Prince Ribbit hits you but does no damage.
There is a stone staircase leading down here.
You see here a throwing net {!f}.
You can't do that while held in a net.
You struggle against the net.
Harold says, "Do you have any idea what people are willing to pay to have you killed, Monsterracer?"
Prince Ribbit hits you but does no damage.
You tear a large gash into the net.
Prince Ribbit hits you but does no damage.
Prince Ribbit hits you!
* * * LOW HITPOINT WARNING * * *
You take 5 damage, and have 33/81 hp.
You shred the net and break free!
Harold looks eager to get this over with.
Prince Ribbit blinks!
Harold hits you with a cursed +0 short sword!
* * * LOW HITPOINT WARNING * * *
The orc warrior hits you but does no damage.
The orc wizard mumbles some strange words.
The orc wizard flickers and vanishes!
Deactivating autopickup; reactivate with Ctrl-A.
You climb downwards.
Reactivating autopickup.
There is a stone staircase leading up here.
Unknown command.
Unknown command.
Unknown command.
Unknown command.
Unknown command.
You take 6 damage, and have 27/81 hp.
Unknown command.
Harold throws a throwing net.
The throwing net hits you.
You become entangled in the net!
The orc warrior hits you with a +0 hand axe!
* * * LOW HITPOINT WARNING * * *
You see here a throwing net {!f}.
You take 5 damage, and have 22/81 hp.
Unknown command.
You struggle against the net.
The orc warrior hits you with a +0 hand axe!
* * * LOW HITPOINT WARNING * * *
You take 5 damage, and have 17/81 hp.
Unknown command.
You struggle against the net.
Harold hits you with a cursed +0 short sword.
* * * LOW HITPOINT WARNING * * *
The orc warrior hits you with a +0 hand axe!
* * * LOW HITPOINT WARNING * * *
You take 13 damage, and have 4/81 hp.
You fail to use your ability.
Harold hits you with a cursed +0 short sword.
The orc warrior hits you with a +0 hand axe.
You die...

##.###........##........[.#
...# #.......)##..###...#.#
##.# #............# ##.##.#
#.# ##.......###.# #.##.#
#.# #...........# #.##.#
#.# #......<..### #.##.#
#.# ###.......# #.##.# #.#
###.......######.##.###
##.#
#........@@...........#
...#
#.#......o.....#....#.#
####
#.#.......####...##.#.#
#.#.......# #.#.##.#.#
#.####.#### #.#.#....# #.#
#.# #......### #.####.#
#...#.## #....#.# #.[##.#
## ####.#.#######..##.#


You could see Harold and an orc warrior.

Vanquished Creatures
  Pikel (D:5)
  A water moccasin (D:8)
  A phantom (D:6)
  A sky beast (D:5)
  An orc warrior (D:5)
  A slave (D:5)
  4 ogres
  A centaur (D:5)
  A bullfrog (D:8)
  A scorpion (D:6)
  A howler monkey (D:8)
  2 bullfrog zombies
  3 jellies
  4 orc priests
  2 bullfrog skeletons
  A centaur skeleton (D:7)
  2 hounds (D:5)
  4 iguanas
  2 orc wizards
  2 worker ants (D:4)
  A hound skeleton (D:8)
  8 adders
  4 shadow imps
  2 oozes (D:3)
  An adder skeleton (D:7)
  3 worms
  A dart slug (D:1)
  7 leopard geckos
  17 orcs
  11 bats
  3 giant cockroaches
  3 goblins (D:1)
  5 hobgoblins
  14 jackals
  2 quokkas (D:4)
  4 ball pythons
  7 frilled lizards
  8 kobolds
  14 rats
151 creatures vanquished.

Vanquished Creatures (others)
  A centaur (D:5)
  A crimson imp (D:5)
  Ijyb (D:5)
  A worker ant zombie (D:5)
  An orc (D:5)
  A quokka (D:7)
6 creatures vanquished.

Grand Total: 157 creatures vanquished

Notes
Turn   | Place    | Note
-------+----------+-------------------------------------------
     0 | D:1      | Monsterracer the Deep Dwarf Ice Elementalist began the
                  | quest for the Orb.
     0 | D:1      | Reached XP level 1. HP: 15/15 MP: 3/3
   157 | D:1      | HP: 8/16 [jackal (2)]
   168 | D:1      | Reached skill level 1 in Fighting
   171 | D:1      | HP: 6/18 [jackal (1)]
   186 | D:1      | Reached XP level 2. HP: 19/25 MP: 0/4
   196 | D:1      | HP: 12/25 [jackal (1)]
   645 | D:1      | HP: 11/26 [kobold (1)]
   786 | D:1      | HP: 7/26 [goblin/+0 dagger (4)]
   797 | D:1      | Reached XP level 3. HP: 32/32 MP: 0/4
  1865 | D:2      | Reached XP level 4. HP: 25/40 MP: 5/5
  2423 | D:3      | HP: 13/42 [worm (9)]
  2426 | D:3      | HP: 5/42 [worm (8)]
  2510 | D:3      | HP: 21/42 [orc wizard/puff of flame (9)]
  2519 | D:3      | HP: 14/42 [orc/+0 club (1)]
  2539 | D:3      | HP: 9/42 [orc/cursed +0 trident (5)]
  3186 | D:3      | Reached XP level 5. HP: 40/49 MP: 6/6
  3413 | D:4      | Reached skill level 1 in Maces & Flails
  3620 | D:4      | HP: 22/50 [iguana (14)]
  3674 | D:4      | Found a staircase to the Ecumenical Temple.
  3680 | Temple   | Entered the Ecumenical Temple
  3689 | Temple   | Became a worshipper of Makhleb the Destroyer
  3798 | D:4      | Reached skill level 1 in Axes
  3798 | D:4      | Reached XP level 6. HP: 48/57 MP: 7/7
  3850 | D:4      | HP: 25/57 [iguana (10)]
  3855 | D:4      | HP: 16/57 [iguana (9)]
  3856 | D:4      | HP: 7/57 [iguana (9)]
  4062 | D:4      | Reached skill level 2 in Axes
  4077 | D:4      | Found Pise's Distillery.
  4102 | D:4      | Bought a potion of heal wounds for 65 gold pieces
  4502 | D:5      | Entered Level 5 of the Dungeon
  4526 | D:5      | HP: 17/57 [ogre/+0 giant spiked club (19)]
  4534 | D:5      | Reached skill level 3 in Axes
  4540 | D:5      | Noticed a slave
  4540 | D:5      | Noticed a slave
  4542 | D:5      | Noticed Pikel
  4542 | D:5      | Noticed a slave
  4542 | D:5      | Noticed a slave
  4545 | D:5      | HP: 27/57 [slave[Pikel] (4)]
  4565 | D:5      | Killed a slave
  4583 | D:5      | HP: 27/57 [Pikel/+1 whip of flaming (7)]
  4592 | D:5      | Killed Pikel
  4592 | D:5      | Reached skill level 6 in Axes
  4592 | D:5      | Reached XP level 7. HP: 26/64 MP: 7/7
  4592 | D:5      | HP: 22/64 [centaur/arrow (4)]
  4596 | D:5      | Reached skill level 7 in Axes
  4626 | D:5      | HP: 31/64 [centaur (4)]
  4628 | D:5      | Reached skill level 1 in Invocations
  4628 | D:5      | Reached XP level 8. HP: 35/72 MP: 7/7
  4743 | D:5      | HP: 30/72 [orc priest/divine providence (10)]
  4764 | D:5      | Found a runed translucent door.
  4765 | D:5      | Noticed Crazy Yiuf
  4795 | D:5      | HP: 22/72 [ogre/+0 giant club (8)]
  4807 | D:5      | HP: 34/72 [iguana (3)]
  4812 | D:5      | HP: 16/72 [iguana (8)]
  4848 | D:5      | Found Raiqu's Antique Armour Boutique.
  4860 | D:5      | Killed Ijyb
  4883 | D:5      | HP: 35/73 [sky beast (4)]
  4913 | D:5      | HP: 29/73 [something (1)]
  5320 | D:6      | Found an opulent altar of Gozag.
  5336 | D:6      | HP: 34/73 [scorpion (5)]
  5338 | D:6      | Reached skill level 1 in Armour
  5438 | D:6      | HP: 24/73 [ogre/+0 giant club (10)]
  5452 | D:6      | HP: 15/73 [shadow imp (2)]
  5474 | D:6      | HP: 29/73 [ogre/+0 giant club (10)]
  5477 | D:6      | HP: 13/73 [ogre/+0 giant club (16)]
  5479 | D:6      | Reached skill level 8 in Axes
  5486 | D:6      | Found a hazy altar of Hepliaklqana.
  5488 | D:6      | Found a blossoming altar of Fedhas.
  5526 | D:6      | Found Meifrips's Mass Market.
  5661 | D:6      | HP: 31/73 [orc warrior/+0 dire flail (18)]
  5675 | D:6      | HP: 24/73 [orc warrior/+0 dire flail (7)]
  5680 | D:5      | HP: 32/73 [orc warrior/+0 dire flail (10)]
  5706 | D:5      | Bought an aquamarine-encrusted ring mail for 243 gold
                  | pieces
  5716 | D:5      | Identified the +1 ring mail of the Lily {rPois} (You bought
                  | it in a shop on level 5 of the Dungeon)
  5842 | D:6      | Reached * piety under Makhleb
  5842 | D:6      | Reached skill level 5 in Dodging
  6040 | D:7      | HP: 32/73 [centaur/arrow (9)]
  6061 | D:7      | HP: 29/73 [gnoll/+0 spear (3)]
  6068 | D:7      | HP: 22/73 [centaur/arrow (7)]
  6076 | D:7      | HP: 19/73 [orc priest (2)]
  6078 | D:7      | Noticed Prince Ribbit
  6129 | D:8      | HP: 12/73 [bullfrog (2)]
  6178 | D:8      | HP: 18/73 [howler monkey (3)]
  6188 | D:8      | HP: 21/73 [iguana (2)]
  6258 | D:8      | HP: 19/73 [acid (2)]
  6324 | D:8      | Gained mutation: You passively map the area around you.
                  | [Deep Dwarf growth]
  6324 | D:8      | Reached XP level 9. HP: 21/80 MP: 2/2
  6371 | D:8      | HP: 16/80 [ogre/+0 giant club (5)]
  6377 | D:8      | Reached skill level 5 in Fighting
  6436 | D:8      | HP: 38/81 [acid (7)]
  6473 | D:8      | HP: 35/81 [acid (3)]
  6588 | D:8      | HP: 33/81 [orc priest/+0 club (1)]
  6604 | D:8      | HP: 28/81 [water moccasin (5)]
  6609 | D:8      | HP: 27/81 [water moccasin (1)]
  6618 | D:8      | HP: 24/81 [water moccasin (3)]
  6645 | D:8      | Reached skill level 9 in Axes
  6821 | D:8      | HP: 23/81 [bullfrog skeleton (1)]
  6859 | D:8      | HP: 15/81 [orc priest/divine providence (8)]
  7070 | D:7      | Noticed Harold
  7077 | D:7      | HP: 33/81 [Prince Ribbit (5)]
  7082 | D:8      | HP: 17/81 [orc warrior/+0 hand axe (5)]
  7083 | D:8      | HP: 4/81 [orc warrior/+0 hand axe (8)]
  7084 | D:8      | Slain by an orc warrior

Skill      XL: |  1  2  3  4  5  6  7  8  9 |
---------------+----------------------------+-----
Fighting       | 1 2 3 4 5 |  5.2
Dodging        | 3 4 5 |  5.1
Maces & Flails | 1 |  1.8
Axes           | 1 6 7 8 9 |  9.0
Invocations    | 1 4 |  4.5
Armour         | 2 3 |  3.1
Stealth        | |  2.4
Spellcasting   | |  1.7
Conjurations   | |  0.8
Ice Magic      | |  2.6

Action                   |  1- 3 |  4- 6 |  7- 9 || total
-------------------------+-------+-------+-------++-------
Melee: Unarmed           |    85 |       |       ||    85
       Dagger            |    40 |    16 |       ||    56
       Flail             |       |   112 |     3 ||   115
       Hand axe          |       |       |   393 ||   393
 Cast: Freeze            |    68 |    82 |     9 ||   159
 Abil: Heal Wounds       |     2 |     6 |    16 ||    24
  Use: Scroll            |       |     9 |     4 ||    13
       Potion            |       |     4 |     1 ||     5
 Stab: Sleeping          |     2 |    12 |     1 ||    15
  Eat: Chunk             |     5 |    10 |     5 ||    20
       Ration            |       |       |     1 ||     1
Armor: Robe              |    42 |    43 |       ||    85
       Ring mail         |       |    13 |    68 ||    81
       Plate armour      |       |       |    98 ||    98
Dodge: Dodged            |   136 |   146 |   164 ||   446

Levels and vault maps discovered:
D:1:      kilobyte_arrival_exit_the_forest, layout_basic,
          grunt_decor_one_mirror, hex_intersection
D:2:      layout_rooms, first_ration
D:3:      layout_basic, minmay_misc_feat_room
D:4:      layout_loops_ring, minmay_temple_entry_offerings, serial_shops,
          shop_statue
D:5:      layout_basic, serial_shops, nicolae_shop_crystal,
          uniq_crazy_yiuf_cottage, uniq_ijyb, uniq_pikel
D:6:      cheibrodos_quashed, layout_rooms, nicolae_gozag_seed_capital,
          nicolae_overflow_hidden_temple, minmay_shop_mass,
          eino_small_chamber_without_monster, kennysheep_generic_room_10
D:7:      layout_cave_pools, fiery_altar_vehumet, the_bakery, roderic_batcave,
          minmay_statues_item, corexii_checkpoint_b, eino_curves_03,
          uniq_menkaure, uniq_prince_ribbit1, uniq_harold
D:8:      layout_loops_ring
Temple:   hc_temple_tempest_star
